 Dungeon Crawl Stone Soup version 0.29.1-1-gd02db6906a (webtiles) character file.

Game seed: 6818321122109877215

396 gelatine the Chopper (level 6, -3/46 HPs)
             Began as a Demonspawn Gladiator on Sept 18, 2022.
             Killed by divine providence
             ... invoked by an orc priest
              (11 damage)
             ... on level 6 of the Dungeon.
             The game lasted 00:06:15 (2694 turns).

gelatine the Chopper (Demonspawn Gladiator)         Turns: 2694, Time: 00:06:16

Health: -3/46      AC:  4    Str: 16    XL:     6   Next: 52%
Magic:  6/6        EV: 17    Int:  9    God:
Gold:   27         SH:  6    Dex: 15    Spells: 5/5 levels left

rFire   . . .      SeeInvis .   a - +0 war axe (freeze)
rCold   . . .      Faith    .   (no shield)
rNeg    . . .      Spirit   .   b - +0 leather armour
rPois   +          Reflect  .   c - +0 helmet
rElec   .          Harm     .   (no cloak)
rCorr   .          Rampage  .   (no gloves)
Will    .....                   (no boots)
Stlth   +.........              (no amulet)
HPRegen 0.15/turn               o - ring of poison resistance
MPRegen 0.10/turn               q - +4 ring of evasion

@: no status effects
A: large bone plates 2
a: no special abilities


You were on level 6 of the Dungeon.
You visited 1 branch of the dungeon, and saw 5 of its levels.

You collected 83 gold pieces.
You spent 56 gold pieces at shops.

Inventory:

Hand Weapons
 a - a +0 war axe of freezing (weapon)
Missiles
 d - 2 throwing nets (quivered)
 e - a javelin
 l - 3 atropa-tipped darts
Armour
 b - a +0 leather armour (worn)
 c - a +0 helmet (worn)
 f - a +0 chain mail
 v - an orb of guile
 B - a +0 ring mail
 C - a +0 scale mail
Jewellery
 o - a ring of poison resistance (left hand)
 q - a +4 ring of evasion (right hand)
 y - a +4 ring of evasion
Scrolls
 g - a scroll of poison
 j - 3 scrolls of noise
 p - a scroll of enchant weapon {unknown}
 r - a scroll of teleportation {unknown}
 s - a scroll of enchant armour {unknown}
 w - a scroll of amnesia {unknown}
 A - a scroll of summoning {unknown}
Potions
 i - 2 potions of lignification
 k - 2 potions of flight
 n - a potion of invisibility {unknown}
 t - 2 potions of heal wounds {unknown}
 u - 2 potions of attraction {unknown}
 x - a potion of mutation {unknown}
 z - a potion of curing {unknown}


   Skills:
 + Level 2.9 Fighting
 + Level 4.7 Axes
 + Level 1.9 Throwing
 + Level 2.1 Armour
 + Level 4.0 Dodging
 + Level 0.4 Stealth
 + Level 1.3 Shields


You had 5 spell levels left.
You didn't know any spells.
Your spell library was empty.

Dungeon Overview and Level Annotations

Branches:
Dungeon (7/15)
 Temple: D:4-7

Altars:

Shops:
D:1 *


Innate Abilities, Weirdness & Mutations

You are mostly covered in large bone plates. (SH +6)


Message History

You hit the orc warrior. You freeze the orc warrior.
You kill the orc warrior!
Your Dodging skill increases to level 4!
You hit the orc. You freeze the orc.
The orc is almost dead.
The orc hits you with a +0 hand axe.
You hit the orc. You freeze the orc.
You kill the orc!
Items here: )) [ †.
f - a +0 chain mail You start resting.
An orc priest is nearby!
The orc priest shouts!
Things that are here:
a +0 hand axe; a +0 trident; an orc corpse You block the orc priest's attack.
You barely miss the orc priest.
The orc priest hits you with a +0 dagger.
* * * LOW HITPOINT WARNING * * *
You hit the orc priest but do no damage.
You block the orc priest's attack.
You completely miss the orc priest.
The orc priest calls down the wrath of Beogh upon you.
Pain shoots through your body!
* * * LOW HITPOINT WARNING * * *
The orc priest closely misses you.
You barely miss the orc priest.
The orc priest hits you but does no damage.
You hit the orc priest but do no damage.
You block the orc priest's attack.
You slash the orc priest! You freeze the orc priest.
The orc priest is severely wounded.
The orc priest hits you with a +0 dagger.
* * * LOW HITPOINT WARNING * * *
You hit the orc priest but do no damage.
The orc priest is severely wounded.
You block the orc priest's attack.
The orc priest calls down the wrath of Beogh upon you.
Beogh smites you!
You die...

#########
#>....... ##
#.####### ... #)#
##..##### #@#
#.......###o######
.........(.......#
...###.###.####.#
#.# #.# #.# #(# ..
#.# #.# .. #.# #..
.#.. #o #.# ###
...


You could see an orc priest.

Vanquished Creatures
  An orc warrior (D:6)
  2 bullfrogs
  An iguana (D:6)
  Jessica (D:2)
  Natasha (thrice) (D:2)
  An adder (D:2)
  An orc (D:6)
  6 ball pythons
  6 bats
  2 endoplasms (D:2)
  2 giant cockroaches
  2 goblins (D:1)
  4 hobgoblins
  5 kobolds
  3 frilled lizards (D:1)
  2 rats
42 creatures vanquished.

Notes
Turn   | Place    | Note
-------+----------+-------------------------------------------
     0 | D:1      | gelatine the Demonspawn Gladiator began the quest for the
                  | Orb.
     0 | D:1      | Reached XP level 1. HP: 16/16 MP: 1/1
    91 | D:1      | Found Kupaekhlo's Assorted Antiques.
   268 | D:1      | Gained mutation: You are partially covered in large bone
                  | plates. (SH +4) [demonic ancestry]
   268 | D:1      | Reached XP level 2. HP: 14/22 MP: 2/2
  1339 | D:2      | Noticed Jessica
  1346 | D:2      | Killed Jessica
  1346 | D:2      | Noticed Natasha
  1347 | D:2      | Reached skill level 1 in Armour
  1347 | D:2      | Reached XP level 3. HP: 15/27 MP: 3/3
  1357 | D:2      | Killed Natasha
  1358 | D:2      | Reached XP level 4. HP: 11/33 MP: 4/4
  1512 | D:2      | Noticed Natasha
  1522 | D:2      | Killed Natasha
  1736 | D:2      | Found a faded altar of an unknown god.
  2071 | D:2      | Noticed Natasha
  2075 | D:2      | Killed Natasha
  2076 | D:2      | Reached XP level 5. HP: 33/38 MP: 5/5
  2301 | D:1      | Bought a scroll labelled IXUMAOR BOACS for 28 gold pieces
  2301 | D:1      | Bought a scroll labelled IXUMAOR BOACS for 28 gold pieces
  2413 | D:3      | You fall into a shaft and drop 3 floors!
  2432 | D:6      | Noticed an orc warrior
  2476 | D:7      | Gained mutation: You are mostly covered in large bone
                  | plates. (SH +6) [demonic ancestry]
  2476 | D:7      | Reached XP level 6. HP: 18/46 MP: 6/6
  2666 | D:6      | Reached skill level 1 in Shields
  2678 | D:6      | Killed an orc warrior
  2694 | D:6      | Killed from afar by an orc priest

Illustrated notes

Levels and vault maps discovered:
D:1:      matt_arrival_refuge, layout_basic, serial_shops, shop, minivault_11
D:2:      layout_basic, ebering_ecumenical_altar_hall, uniq_natasha,
          uniq_jessica
D:3:      layout_loops_ring
D:6:      layout_loops_ring, minmay_temple_entry_tees
D:7:      lemuel_ice_statue, layout_loops_ring, nzn_wu_jian_council_hall,
          minmay_fractal_squares_diagonal_5

Skill      XL: |  1  2  3  4  5  6 |
---------------+-------------------+-----
Axes           | 3 4 |  4.7
Dodging        | 3 4 |  4.0
Armour         | 1 2 |  2.1
Shields        | 1 |  1.3
Fighting       | |  2.9
Throwing       | |  1.9
Stealth        | |  0.4

Action                   |  1- 3 |  4- 6 || total
-------------------------+-------+-------++-------
Melee: War axe           |    75 |    69 ||   144
       Punch             |       |     1 ||     1
Throw: Throwing net      |       |     1 ||     1
  Use: Scroll            |       |     8 ||     8
Armor: Leather armour    |    31 |     8 ||    39
Dodge: Dodged            |    79 |    57 ||   136
Block: Other             |    17 |    20 ||    37
